PR
GREENPORT HARBOR WHALES @ LADUE RAMS
08/02/2032
 
TOP OF THE 1ST
Greenport Harbor Whales batting - Pitching for Ladue Rams : RHP Won-chul Kim
Pitching: RHP Won-chul Kim
Batting: RHB Hsui-chuan Hong 0-0: Called Strike
0-1: Ball
1-1: Fly out, F8 (Flyball, 89M)
Batting: LHB Jing-quo Sung 0-0: Swinging Strike
0-1: Ball
1-1: Ball
2-1: Ball
3-1: Base on Balls
Batting: RHB Bill Chaundler 0-0: Foul Ball, location: 2F
0-1: Called Strike
0-2: Foul Ball, location: 2F
0-2: Foul Ball, location: 2F
0-2: Ball
1-2: Ball
2-2: Ball
3-2: Base on Balls
Jing-quo Sung to second
Batting: RHB Kupaalani Bakana 0-0: Ball
1-0: Ball
2-0: Ball
3-0: Called Strike
3-1: Called Strike
3-2: Grounds into double play, 6-4-3 (Groundball, 6)
Top of the 1st over - 0 runs, 0 hits, 0 errors, 1 left on base; Greenport 0 - Ladue 0
BOTTOM OF THE 1ST
Ladue Rams batting - Pitching for Greenport Harbor Whales : LHP Albert Hernández
Pitching: LHP Albert Hernández
Batting: LHB Mihai Dumitru 0-0: Foul Ball, location: 2F
0-1: Swinging Strike
0-2: Ball
1-2: Fly out, F8 (Flyball, 8LM)
Batting: SHB Eric Quick 0-0: Ball
1-0: Foul Ball, location: 2F
1-1: SINGLE (Groundball, 3D)
Batting: LHB Conrad Hessing 0-0: Foul Ball, location: 2F
0-1: Ball
1-1: Ball
2-1: Called Strike
2-2: Foul Ball, location: 2F
2-2: Ball
3-2: Base on Balls
Eric Quick to second
Batting: RHB Lex van Esch 0-0: Swinging Strike
0-1: Foul Ball, location: 2F
0-2: Ball
1-2: 3-RUN HOME RUN (Flyball, 9D), Distance : 401 ft
Batting: RHB Curt Taylor 0-0: Ball
1-0: Ball
2-0: Called Strike
2-1: Ball
3-1: Foul Ball, location: 2F
3-2: Foul Ball, location: 2F
3-2: Base on Balls
Batting: RHB Y-Tic Amanap 0-0: Called Strike
0-1: Ball
1-1: Grounds into double play, 6-4-3 (Groundball, 6D)
Bottom of the 1st over - 3 runs, 2 hits, 0 errors, 0 left on base; Greenport 0 - Ladue 3
TOP OF THE 2ND
Greenport Harbor Whales batting - Pitching for Ladue Rams : RHP Won-chul Kim
Batting: RHB José Vargas 0-0: Ball
1-0: Swinging Strike
1-1: Foul Ball, location: 2F
1-2: Strikes out swinging
Batting: SHB Joel Washington 0-0: SINGLE (Groundball, 3D)
Batting: LHB Júlio Solís 0-0: Called Strike
0-1: Ball
1-1: Ball
2-1: Swinging Strike
2-2: Strikes out looking
Batting: SHB Miguel González 0-0: SINGLE (Flyball, 78M)
Joel Washington to second
Batting: RHB Jacques Devaux 0-0: Ground out 5-3 (Groundball, 5S)
Top of the 2nd over - 0 runs, 2 hits, 0 errors, 2 left on base; Greenport 0 - Ladue 3
BOTTOM OF THE 2ND
Ladue Rams batting - Pitching for Greenport Harbor Whales : LHP Albert Hernández
Batting: SHB Javier Murillo 0-0: Foul Ball, location: 2F
0-1: Ball
1-1: Called Strike
1-2: Strikes out looking
Batting: LHB Qing-nian Zexian 0-0: Called Strike
0-1: SINGLE (Line Drive, 5D)
Batting: RHB Carlos Santos 0-0: Ball
1-0: Fly out, F5 (Popup, 5F)
Batting: LHB Mihai Dumitru 0-0: Called Strike
0-1: Swinging Strike
0-2: DOUBLE (Line Drive, 9LD)
Qing-nian Zexian to third
Runner from 3rd tries for Home, SAFE, throw made at trailing runner, OUT at third!
Bottom of the 2nd over - 1 run, 2 hits, 0 errors, 0 left on base; Greenport 0 - Ladue 4
TOP OF THE 3RD
Greenport Harbor Whales batting - Pitching for Ladue Rams : RHP Won-chul Kim
Batting: RHB Hsui-chuan Hong 0-0: Ground out 6-3 (Groundball, 6)
Batting: LHB Jing-quo Sung 0-0: Ball
1-0: Called Strike
1-1: Ball
2-1: Foul Ball, location: 2F
2-2: Strikes out swinging
Batting: RHB Bill Chaundler 0-0: Swinging Strike
0-1: Swinging Strike
0-2: Strikes out swinging
Top of the 3rd over - 0 runs, 0 hits, 0 errors, 0 left on base; Greenport 0 - Ladue 4
BOTTOM OF THE 3RD
Ladue Rams batting - Pitching for Greenport Harbor Whales : LHP Albert Hernández
Batting: SHB Eric Quick 0-0: Called Strike
0-1: Ground out 5-3 (Groundball, 5S)
Batting: LHB Conrad Hessing 0-0: Swinging Strike
0-1: Ball
1-1: Foul Ball, location: 2F
1-2: Strikes out looking
Batting: RHB Lex van Esch 0-0: Called Strike
0-1: Ball
1-1: Ball
2-1: SINGLE (Flyball, 9S)
Batting: RHB Curt Taylor 0-0: Ball
1-0: Ball
2-0: Called Strike
2-1: Foul Ball, location: 2F
2-2: Fielders Choice at 2nd, 5-4 (Groundball, 5)
Bottom of the 3rd over - 0 runs, 1 hit, 0 errors, 1 left on base; Greenport 0 - Ladue 4
TOP OF THE 4TH
Greenport Harbor Whales batting - Pitching for Ladue Rams : RHP Won-chul Kim
Batting: RHB Kupaalani Bakana 0-0: Called Strike
0-1: Ball
1-1: Foul Ball, location: 2F
1-2: Strikes out swinging
Batting: RHB José Vargas 0-0: Foul Ball, location: 2F
0-1: Called Strike
0-2: Ball
1-2: Foul Ball, location: 2F
1-2: Strikes out swinging
Batting: SHB Joel Washington 0-0: Ball
1-0: Ball
2-0: Called Strike
2-1: Ball
3-1: Called Strike
3-2: Base on Balls
Batting: LHB Júlio Solís 0-0: Ball
1-0: SINGLE (Groundball, 4MD)
Joel Washington to second
Batting: SHB Miguel González 0-0: Ball
1-0: Foul Ball, location: 2F
1-1: Foul Ball, location: 2F
1-2: Strikes out looking
Top of the 4th over - 0 runs, 1 hit, 0 errors, 2 left on base; Greenport 0 - Ladue 4
BOTTOM OF THE 4TH
Ladue Rams batting - Pitching for Greenport Harbor Whales : LHP Albert Hernández
Batting: RHB Y-Tic Amanap 0-0: Foul Ball, location: 2F
0-1: Ball
1-1: Called Strike
1-2: Strikes out swinging
Batting: SHB Javier Murillo 0-0: Called Strike
0-1: Foul Ball, location: 2F
0-2: Foul Ball, location: 2F
0-2: Foul Ball, location: 2F
0-2: Ball
1-2: Foul Ball, location: 2F
1-2: Foul Ball, location: 2F
1-2: Foul Ball, location: 2F
1-2: Foul Ball, location: 2F
1-2: Ball
2-2: Strikes out swinging
Batting: LHB Qing-nian Zexian 0-0: Swinging Strike
0-1: Foul Ball, location: 2F
0-2: Foul Ball, location: 2F
0-2: Ball
1-2: Strikes out swinging
Bottom of the 4th over - 0 runs, 0 hits, 0 errors, 0 left on base; Greenport 0 - Ladue 4
TOP OF THE 5TH
Greenport Harbor Whales batting - Pitching for Ladue Rams : RHP Won-chul Kim
Batting: RHB Jacques Devaux 0-0: Ground out 5-3 (Groundball, 56S)
Batting: RHB Hsui-chuan Hong 0-0: Fly out, F7 (Flyball, 7D)
Batting: LHB Jing-quo Sung 0-0: Foul Ball, location: 2F
0-1: Swinging Strike
0-2: Ground out 5-3 (Groundball, 5)
Top of the 5th over - 0 runs, 0 hits, 0 errors, 0 left on base; Greenport 0 - Ladue 4
BOTTOM OF THE 5TH
Ladue Rams batting - Pitching for Greenport Harbor Whales : LHP Albert Hernández
Pitching: LHP Phillam Alindogan
Batting: RHB Carlos Santos 0-0: Foul Ball, location: 2F
0-1: Ball
1-1: Foul Ball, location: 2F
1-2: Ball
2-2: Ball
3-2: Base on Balls
Batting: LHB Mihai Dumitru 0-0: Ball
1-0: Bunted foul
1-1: Bunted foul
1-2: Ball
2-2: Fly out, F9 (Line Drive, 89M)
Batting: SHB Eric Quick 0-0: Foul Ball, location: 2F
0-1: Ground out 6-3 (Groundball, 6S)
Carlos Santos to second
Batting: LHB Conrad Hessing 0-0: Foul Ball, location: 2F
0-1: Foul Ball, location: 2F
0-2: Strikes out looking
Bottom of the 5th over - 0 runs, 0 hits, 0 errors, 1 left on base; Greenport 0 - Ladue 4
TOP OF THE 6TH
Greenport Harbor Whales batting - Pitching for Ladue Rams : RHP Won-chul Kim
Batting: RHB Bill Chaundler 0-0: Fly out, F4 (Popup, 4)
Batting: RHB Kupaalani Bakana 0-0: Ground out 5-3 (Groundball, 5S)
Batting: RHB José Vargas 0-0: Fly out, F6 (Popup, 6MS)
Top of the 6th over - 0 runs, 0 hits, 0 errors, 0 left on base; Greenport 0 - Ladue 4
BOTTOM OF THE 6TH
Ladue Rams batting - Pitching for Greenport Harbor Whales : LHP Phillam Alindogan
Batting: RHB Lex van Esch 0-0: Called Strike
0-1: Swinging Strike
0-2: Strikes out looking
Batting: RHB Curt Taylor 0-0: Ball
1-0: Ball
2-0: Foul Ball, location: 2F
2-1: Swinging Strike
2-2: Ball
3-2: Base on Balls
Batting: RHB Y-Tic Amanap 0-0: Foul Ball, location: 2F
0-1: Ball
1-1: Foul Ball, location: 2F
1-2: Ball
2-2: Ball
3-2: Fly out, F8 (Flyball, 8LD)
Batting: SHB Javier Murillo 0-0: Ball
1-0: Ball
2-0: Fly out, F9 (Flyball, 9S)
Bottom of the 6th over - 0 runs, 0 hits, 0 errors, 1 left on base; Greenport 0 - Ladue 4
TOP OF THE 7TH
Greenport Harbor Whales batting - Pitching for Ladue Rams : RHP Won-chul Kim
Batting: SHB Joel Washington 0-0: Called Strike
0-1: SINGLE (Line Drive, 78S)
Batting: LHB Júlio Solís 0-0: Foul Ball, location: 2F
0-1: Ball
1-1: Ball
2-1: Foul Ball, location: 2F
2-2: SINGLE (Groundball, 4S) (infield hit)
Joel Washington to second
Batting: SHB Miguel González 0-0: Ball
1-0: Ball
2-0: Fly out, F9 (Flyball, 9)
Batting: RHB Jacques Devaux 0-0: Called Strike
0-1: Fly out, F8 (Line Drive, 8LM)
Lined into DP, 8-4 (Line Drive, 8LM)
Top of the 7th over - 0 runs, 2 hits, 0 errors, 1 left on base; Greenport 0 - Ladue 4
BOTTOM OF THE 7TH
Ladue Rams batting - Pitching for Greenport Harbor Whales : LHP Phillam Alindogan
Batting: LHB Qing-nian Zexian 0-0: Ball
1-0: Ball
2-0: Ball
3-0: Called Strike
3-1: Swinging Strike
3-2: Foul Ball, location: 2F
3-2: Base on Balls
Batting: RHB Carlos Santos 0-0: Ball
1-0: Called Strike
1-1: Ball
2-1: Sac Bunt - play at first, batter OUT! 1-3
Qing-nian Zexian to second
Batting: LHB Mihai Dumitru 0-0: Intentional Walk
Batting: SHB Eric Quick 0-0: Fly out, F8 (Flyball, 8LD)
Batting: LHB Conrad Hessing 0-0: Ball
1-0: Swinging Strike
1-1: Ball
2-1: Ball
3-1: Foul Ball, location: 2F
3-2: Foul Ball, location: 2F
3-2: Foul Ball, location: 2F
3-2: Strikes out looking
Bottom of the 7th over - 0 runs, 0 hits, 0 errors, 2 left on base; Greenport 0 - Ladue 4
TOP OF THE 8TH
Greenport Harbor Whales batting - Pitching for Ladue Rams : RHP Won-chul Kim
Batting: RHB Hsui-chuan Hong 0-0: Foul Ball, location: 2F
0-1: Ball
1-1: Called Strike
1-2: Ground out 4-3 (Groundball, 4)
Batting: LHB Jing-quo Sung 0-0: Called Strike
0-1: SINGLE (Line Drive, 89S)
Batting: RHB Bill Chaundler 0-0: Called Strike
0-1: Swinging Strike
0-2: Ball
1-2: Strikes out swinging
Batting: RHB Kupaalani Bakana 0-0: Ball
1-0: Fielders Choice at 2nd, 5-4 (Groundball, 56)
Top of the 8th over - 0 runs, 1 hit, 0 errors, 1 left on base; Greenport 0 - Ladue 4
BOTTOM OF THE 8TH
Ladue Rams batting - Pitching for Greenport Harbor Whales : LHP Phillam Alindogan
Batting: RHB Lex van Esch 0-0: Ball
1-0: Ball
2-0: DOUBLE (Line Drive, 7LM)
Batting: RHB Curt Taylor 0-0: Ball
1-0: Foul Ball, location: 2F
1-1: Ball
2-1: Ball
3-1: Ground out 6-3 (Groundball, 6)
Batting: RHB Y-Tic Amanap 0-0: Foul Ball, location: 2F
0-1: Ball
1-1: Ball
2-1: Ball
3-1: Swinging Strike
3-2: Base on Balls
Batting: SHB Javier Murillo 0-0: Called Strike
0-1: Ball
1-1: Fly out, F4 (Line Drive, 4M)
Lined into DP, 4-3 (Line Drive, 4M)
Bottom of the 8th over - 0 runs, 1 hit, 0 errors, 1 left on base; Greenport 0 - Ladue 4
TOP OF THE 9TH
Greenport Harbor Whales batting - Pitching for Ladue Rams : RHP Won-chul Kim
Batting: RHB José Vargas 0-0: Ball
1-0: Ball
2-0: Fly out, F5 (Popup, 15S)
Batting: SHB Joel Washington 0-0: Called Strike
0-1: Ball
1-1: Called Strike
1-2: Ball
2-2: Strikes out swinging
Batting: LHB Júlio Solís 0-0: Called Strike
0-1: Ball
1-1: Called Strike
1-2: Ball
2-2: Ball
3-2: Foul Ball, location: 2F
3-2: Foul Ball, location: 2F
3-2: Base on Balls
Batting: SHB Miguel González 0-0: Called Strike
0-1: Swinging Strike
0-2: Ball
1-2: Ball
2-2: Foul Ball, location: 2F
2-2: Ball
3-2: Strikes out looking
Top of the 9th over - 0 runs, 0 hits, 0 errors, 1 left on base; Greenport 0 - Ladue 4
Wednesday, September 19th, 2018 - OOTP Baseball 18.8 Build 76